ITL
RICHMOND FLAIRS @ OTSEGO BULLDOGS
06/18/2027
 
TOP OF THE 1ST
Richmond Flairs batting - Pitching for Otsego Bulldogs : RHP Troy Parker
Pitching: RHP Troy Parker
Batting: RHB Javier Rentería 0-0: Called Strike
0-1: Called Strike
0-2: Foul Ball, location: 2F
0-2: Ball
1-2: Ball
2-2: Strikes out swinging
Batting: RHB Freddy Padilla 0-0: Called Strike
0-1: Foul Ball, location: 2F
0-2: Strikes out swinging
Batting: LHB Sean Nicks 0-0: Ground out 4-3 (Groundball, 4)
Top of the 1st over - 0 run(s), 0 hit(s), 0 error(s), 0 left on base; Richmond 0 - Otsego 0
BOTTOM OF THE 1ST
Otsego Bulldogs batting - Pitching for Richmond Flairs : RHP Chris Carpenter
Pitching: RHP Chris Carpenter
Batting: RHB Kyung-bok Cho 0-0: Ball
1-0: Called Strike
1-1: Ball
2-1: Called Strike
2-2: Fly out, F8 (Flyball, 8RM)
Batting: RHB Armando Cuevas 0-0: Ball
1-0: Foul Ball, location: 2F
1-1: Foul Ball, location: 2F
1-2: Strikes out swinging
Batting: RHB Felipe Rodríguez 0-0: Foul Ball, location: 2F
0-1: Ball
1-1: Foul Ball, location: 2F
1-2: Fly out, F8 (Flyball, 8LS)
Bottom of the 1st over - 0 run(s), 0 hit(s), 0 error(s), 0 left on base; Richmond 0 - Otsego 0
TOP OF THE 2ND
Richmond Flairs batting - Pitching for Otsego Bulldogs : RHP Troy Parker
Batting: RHB Elliott Johnston 0-0: Ball
1-0: DOUBLE (Line Drive, 78S)
Pinch Runner at 2nd Frank Geddes:
Batting: RHB Alberto Hernández 0-0: Ball
1-0: Swinging Strike
1-1: Called Strike
1-2: Ball
2-2: Ball
3-2: Foul Ball, location: 2F
3-2: Foul Ball, location: 2F
3-2: Ground out 6-3 (Groundball, 6)
Batting: SHB Carlos Reyes 0-0: Foul Ball, location: 2F
0-1: Ball
1-1: Ball
2-1: Ball
3-1: Foul Ball, location: 2F
3-2: 2-RUN HOME RUN (Flyball, 8RXD), Distance : 411 ft
Batting: LHB R.J. Courtney 0-0: Called Strike
0-1: Called Strike
0-2: Strikes out swinging
Batting: RHB Christian Hudson 0-0: DOUBLE (Flyball, 9)
Batting: RHB Ray Yates 0-0: Ground out 5-3 (Groundball, 56)
Top of the 2nd over - 2 run(s), 3 hit(s), 0 error(s), 1 left on base; Richmond 2 - Otsego 0
BOTTOM OF THE 2ND
Otsego Bulldogs batting - Pitching for Richmond Flairs : RHP Chris Carpenter
Now at 1B: Frank Geddes
Batting: RHB Jorge Cisneros 0-0: Called Strike
0-1: Ground out 6-3 (Groundball, 6MS)
Batting: RHB Jim Beck 0-0: Ball
1-0: Foul Ball, location: 2F
1-1: SINGLE (Line Drive, 56)
Batting: RHB Ramiro Chávez 0-0: Ball
1-0: Called Strike
1-1: Ball
2-1: Foul Ball, location: 2F
2-2: Ball
3-2: Fly out, F9 (Flyball, 89D)
Batting: RHB Juan Pérez 0-0: Fly out, F7 (Flyball, 7S)
Bottom of the 2nd over - 0 run(s), 1 hit(s), 0 error(s), 1 left on base; Richmond 2 - Otsego 0
TOP OF THE 3RD
Richmond Flairs batting - Pitching for Otsego Bulldogs : RHP Troy Parker
Batting: RHB Javier Rentería 0-0: Ball
1-0: Ground out 6-3 (Groundball, 6)
Batting: RHB Freddy Padilla 0-0: Ball
1-0: Ball
2-0: Ball
3-0: Called Strike
3-1: Called Strike
3-2: Base on Balls
Batting: LHB Sean Nicks 0-0: Ball
1-0: Ball
2-0: Ball
3-0: Base on Balls
Freddy Padilla to second
Batting: LHB Frank Geddes 0-0: Ball
1-0: Ball
2-0: Ball
3-0: Called Strike
3-1: Base on Balls
Freddy Padilla to third
Sean Nicks to second
Batting: RHB Alberto Hernández 0-0: Foul Ball, location: 2F
0-1: Ball
1-1: Foul Ball, location: 2F
1-2: Ball
Wild Pitch!
Freddy Padilla scores
Sean Nicks to third
Frank Geddes to second
2-2: Strikes out swinging
Batting: SHB Carlos Reyes 0-0: Ball
1-0: Called Strike
1-1: Ball
2-1: Swinging Strike
2-2: Ball
3-2: Foul Ball, location: 2F
3-2: Foul Ball, location: 2F
3-2: Base on Balls
Batting: LHB R.J. Courtney 0-0: Ball
1-0: Ball
2-0: Called Strike
2-1: DOUBLE (Groundball, 3L)
Sean Nicks scores
Frank Geddes scores
Carlos Reyes to third
Batting: RHB Christian Hudson 0-0: Swinging Strike
0-1: Called Strike
0-2: Foul Ball, location: 2F
0-2: Foul Ball, location: 2F
0-2: Ball
1-2: SINGLE (Line Drive, 56D)
Carlos Reyes scores
R.J. Courtney to third
Runner from 3rd tries for Home, SAFE, no throw
Pitching: LHP Félix García
Batting: RHB Ray Yates 0-0: Fly out, F9 (Flyball, 9S)
Top of the 3rd over - 5 run(s), 2 hit(s), 0 error(s), 1 left on base; Richmond 7 - Otsego 0
BOTTOM OF THE 3RD
Otsego Bulldogs batting - Pitching for Richmond Flairs : RHP Chris Carpenter
Batting: RHB Felipe Rego 0-0: Foul Ball, location: 2F
0-1: SINGLE (Groundball, 56D)
Batting: LHB Martin Davis 0-0: Ball
1-0: Called Strike
1-1: Swinging Strike
1-2: Ball
2-2: Ball
3-2: Strikes out swinging
Batting: RHB Kyung-bok Cho 0-0: Ball
1-0: Called Strike
1-1: Foul Ball, location: 2F
1-2: Strikes out swinging
Batting: RHB Armando Cuevas 0-0: Fly out, F3 (Popup, 3S)
Bottom of the 3rd over - 0 run(s), 1 hit(s), 0 error(s), 1 left on base; Richmond 7 - Otsego 0
TOP OF THE 4TH
Richmond Flairs batting - Pitching for Otsego Bulldogs : LHP Félix García
Batting: RHB Javier Rentería 0-0: Called Strike
0-1: Ball
1-1: Called Strike
1-2: Ball
2-2: Fly out, F8 (Flyball, 8RM)
Batting: RHB Freddy Padilla 0-0: Foul Ball, location: 2F
0-1: Ball
1-1: SINGLE (Line Drive, 89S)
Batting: LHB Sean Nicks 0-0: Called Strike
0-1: Fly out, F8 (Flyball, 8LD)
Batting: LHB Frank Geddes 0-0: Ball
1-0: Swinging Strike
1-1: Ball
2-1: Ball
3-1: Swinging Strike
3-2: Base on Balls
Freddy Padilla to second
Batting: RHB Alberto Hernández 0-0: Ball
1-0: Ball
2-0: SINGLE (Line Drive, 9LM)
Freddy Padilla to third
Frank Geddes to second
Runner from 3rd tries for Home, SAFE, no throw
Batting: SHB Carlos Reyes 0-0: Foul Ball, location: 2F
0-1: Swinging Strike
0-2: Foul Ball, location: 2F
0-2: Strikes out swinging
Top of the 4th over - 1 run(s), 2 hit(s), 0 error(s), 2 left on base; Richmond 8 - Otsego 0
BOTTOM OF THE 4TH
Otsego Bulldogs batting - Pitching for Richmond Flairs : RHP Chris Carpenter
Batting: RHB Felipe Rodríguez 0-0: Foul Ball, location: 2F
0-1: SINGLE (Line Drive, 8LS)
Batting: RHB Jorge Cisneros 0-0: Called Strike
0-1: Ball
1-1: Foul Ball, location: 2F
1-2: Ball
2-2: Grounds into double play, 5-4-3 (Groundball, 5L)
Batting: RHB Jim Beck 0-0: Called Strike
0-1: Ball
1-1: Foul Ball, location: 2F
1-2: Ground out 5-3 (Groundball, 56S)
Bottom of the 4th over - 0 run(s), 1 hit(s), 0 error(s), 0 left on base; Richmond 8 - Otsego 0
TOP OF THE 5TH
Richmond Flairs batting - Pitching for Otsego Bulldogs : LHP Félix García
Batting: LHB R.J. Courtney 0-0: Fly out, F7 (Flyball, 7LS)
Batting: RHB Christian Hudson 0-0: Called Strike
0-1: Called Strike
0-2: Ball
1-2: Ground out U3 (Groundball, 3L)
Batting: RHB Ray Yates 0-0: Foul Ball, location: 2F
0-1: Called Strike
0-2: Strikes out looking
Top of the 5th over - 0 run(s), 0 hit(s), 0 error(s), 0 left on base; Richmond 8 - Otsego 0
BOTTOM OF THE 5TH
Otsego Bulldogs batting - Pitching for Richmond Flairs : RHP Chris Carpenter
Batting: RHB Ramiro Chávez 0-0: Swinging Strike
0-1: Called Strike
0-2: Fly out, F6 (Popup, 6MD)
Batting: RHB Juan Pérez 0-0: Ball
1-0: Foul Ball, location: 2F
1-1: Ball
2-1: Ground out 1-3 (Groundball, 15S)
Batting: RHB Felipe Rego 0-0: Ball
1-0: Ball
2-0: Called Strike
2-1: Foul Ball, location: 2F
2-2: Ball
3-2: Foul Ball, location: 2F
3-2: Strikes out swinging
Bottom of the 5th over - 0 run(s), 0 hit(s), 0 error(s), 0 left on base; Richmond 8 - Otsego 0
TOP OF THE 6TH
Richmond Flairs batting - Pitching for Otsego Bulldogs : LHP Félix García
Batting: RHB Javier Rentería 0-0: Foul Ball, location: 2F
0-1: Ball
1-1: Foul Ball, location: 2F
1-2: Fly out, F9 (Flyball, 89M)
Batting: RHB Freddy Padilla 0-0: Foul Ball, location: 2F
0-1: Foul Ball, location: 2F
0-2: Ball
1-2: Fly out, F3 (Flyball, 3D)
Now at 1B: Tucker Flowers
Batting: LHB Sean Nicks 0-0: Foul Ball, location: 2F
0-1: Ball
1-1: Called Strike
1-2: Foul Ball, location: 2F
1-2: Ground out 1-3 (Groundball, 13)
Top of the 6th over - 0 run(s), 0 hit(s), 0 error(s), 0 left on base; Richmond 8 - Otsego 0
BOTTOM OF THE 6TH
Otsego Bulldogs batting - Pitching for Richmond Flairs : RHP Chris Carpenter
Batting: LHB Martin Davis 0-0: Called Strike
0-1: Called Strike
0-2: Strikes out swinging
Batting: RHB Kyung-bok Cho 0-0: Ball
1-0: SOLO HOME RUN (Flyball, 7D), Distance : 394 ft
Batting: RHB Armando Cuevas 0-0: Ball
1-0: Foul Ball, location: 2F
1-1: Foul Ball, location: 2F
1-2: Fly out, F8 (Flyball, 8LD)
Batting: RHB Felipe Rodríguez 0-0: SINGLE (Groundball, 56S) (infield hit)
Batting: RHB Jorge Cisneros 0-0: Foul Ball, location: 2F
0-1: SINGLE (Groundball, 6MD)
Felipe Rodríguez to second
Batting: RHB Jim Beck 0-0: Called Strike
0-1: Called Strike
0-2: Ball
1-2: Strikes out swinging
Bottom of the 6th over - 1 run(s), 3 hit(s), 0 error(s), 2 left on base; Richmond 8 - Otsego 1
TOP OF THE 7TH
Richmond Flairs batting - Pitching for Otsego Bulldogs : LHP Félix García
Batting: LHB Frank Geddes 0-0: Ball
1-0: Ground out U3 (Groundball, 3S)
Batting: RHB Alberto Hernández 0-0: Ball
1-0: Swinging Strike
1-1: Ball
2-1: Foul Ball, location: 2F
2-2: Ball
3-2: SINGLE (Groundball, 6MD)
Batting: SHB Carlos Reyes 0-0: Called Strike
0-1: Called Strike
0-2: Ball
1-2: Fielders Choice at 2nd, 1-4 (Groundball, 15S)
Batting: LHB R.J. Courtney 0-0: Called Strike
0-1: Ball
1-1: Swinging Strike
1-2: Ball
2-2: Ball
3-2: Base on Balls
Carlos Reyes to second
Batting: RHB Christian Hudson 0-0: Ball
1-0: Swinging Strike
1-1: Fly out, F9 (Line Drive, 9)
Top of the 7th over - 0 run(s), 1 hit(s), 0 error(s), 2 left on base; Richmond 8 - Otsego 1
BOTTOM OF THE 7TH
Otsego Bulldogs batting - Pitching for Richmond Flairs : RHP Chris Carpenter
Batting: RHB Ramiro Chávez 0-0: Called Strike
0-1: Foul Ball, location: 2F
0-2: Strikes out swinging
Batting: RHB Tucker Flowers 0-0: Ball
1-0: Foul Ball, location: 2F
1-1: Ball
2-1: Called Strike
2-2: Ball
3-2: Foul Ball, location: 2F
3-2: Strikes out swinging
Batting: RHB Felipe Rego 0-0: Fly out, F5 (Popup, 5L)
Bottom of the 7th over - 0 run(s), 0 hit(s), 0 error(s), 0 left on base; Richmond 8 - Otsego 1
TOP OF THE 8TH
Richmond Flairs batting - Pitching for Otsego Bulldogs : LHP Félix García
Pitching: LHP Jeff Hardin
Batting: RHB Ray Yates 0-0: Foul Ball, location: 2F
0-1: Ground out 6-3 (Groundball, 6)
Pinch Hitting: SHB Adrián Miranda 0-0: Ball
1-0: Ball
2-0: Called Strike
2-1: Swinging Strike
2-2: Ball
3-2: Ground out 6-3 (Groundball, 6)
Batting: RHB Freddy Padilla 0-0: SINGLE (Line Drive, 89S)
Batting: LHB Sean Nicks 0-0: Swinging Strike
0-1: Ball
1-1: Ball
2-1: Swinging Strike
2-2: Strikes out swinging
Top of the 8th over - 0 run(s), 1 hit(s), 0 error(s), 1 left on base; Richmond 8 - Otsego 1
BOTTOM OF THE 8TH
Otsego Bulldogs batting - Pitching for Richmond Flairs : RHP Chris Carpenter
Now at 2B: Maresuke Yoshida
Now at 3B: Guo-xiu Hsueh
Now in LF: Roland Jones
Batting: LHB Martin Davis 0-0: Called Strike
0-1: Ball
1-1: Hit by Pitch
Batting: RHB Kyung-bok Cho 0-0: Called Strike
0-1: Ground out 5-3 (Groundball, 56S)
Martin Davis to second
Batting: RHB Armando Cuevas 0-0: Called Strike
0-1: Foul Ball, location: 2F
0-2: Strikes out swinging
Batting: RHB Felipe Rodríguez 0-0: Called Strike
0-1: SINGLE (Line Drive, 78S)
Martin Davis to third
Runner from 3rd tries for Home, SAFE, no throw
Pitching: RHP Lorenzo Ramos
Batting: RHB Jorge Cisneros 0-0: SINGLE (Groundball, 34D)
Felipe Rodríguez to second
Throwing error, E9
Felipe Rodríguez scores
Jorge Cisneros to second
Batting: RHB Jim Beck 0-0: Ball
1-0: Fly out, F8 (Flyball, 8LS)
Bottom of the 8th over - 2 run(s), 2 hit(s), 1 error(s), 1 left on base; Richmond 8 - Otsego 3
TOP OF THE 9TH
Richmond Flairs batting - Pitching for Otsego Bulldogs : LHP Jeff Hardin
Batting: LHB Frank Geddes 0-0: Ball
1-0: Ground out 4-3 (Groundball, 34)
Batting: RHB Alberto Hernández 0-0: Ball
1-0: Ball
2-0: Ball
3-0: Called Strike
3-1: Ground out 5-3 (Groundball, 5S)
Batting: SHB Carlos Reyes 0-0: Called Strike
0-1: Foul Ball, location: 2F
0-2: Ball
1-2: Strikes out swinging
Top of the 9th over - 0 run(s), 0 hit(s), 0 error(s), 0 left on base; Richmond 8 - Otsego 3
BOTTOM OF THE 9TH
Otsego Bulldogs batting - Pitching for Richmond Flairs : RHP Lorenzo Ramos
Pitching: RHP Alfonso Rodríguez
Now at C: Tadakuni Sugiyama
Batting: RHB Ramiro Chávez 0-0: Ball
1-0: Ball
2-0: Called Strike
2-1: Ground out 6-3 (Groundball, 6)
Batting: RHB Tucker Flowers 0-0: SINGLE (Groundball, 56D)
Batting: RHB Felipe Rego 0-0: Ball
1-0: Foul Ball, location: 2F
1-1: Called Strike
1-2: Ball
2-2: Strikes out swinging
Batting: LHB Martin Davis 0-0: Ground out 4-3 (Groundball, 6MS)
Bottom of the 9th over - 0 run(s), 1 hit(s), 0 error(s), 1 left on base; Richmond 8 - Otsego 3
Thursday, March 30th, 2017 - OOTP Baseball 17.12 Build 75